 Dungeon Sprint DCSS version 0.14-a0-3350-g14ab857 (webtiles) character file.

19 BluebellGnoll the Covert (level 2, 0/13 HPs)
             Began as a Spriggan Enchanter on Mar 18, 2014.
             Was a Follower of Makhleb.
             Slain by an iguana (13 damage)
             ... in the Dungeon (Sprint V: "Ziggurat Sprint").
             The game lasted 00:02:47 (105 turns).

BluebellGnoll the Covert (Spriggan Enchanter)        Turns: 105, Time: 00:02:47

HP   0/13        AC  3     Str 15      XL: 2   Next: 55%
MP   1/8         EV 24     Int 22      God: Makhleb [*.....]
Gold 0           SH  0     Dex 21      Spells:  2 memorised,  4 levels left

rFire  . . .     SeeInvis +     A - +5 quick blade
rCold  . . .     Clarity  .     b - +1 robe
rNeg   . . .     Conserve .     (shield restricted)
rPois  .         rCorr    .     (helmet restricted)
rElec  .         rRot     .     (no cloak)
SustAb . .       Spirit   .     (gloves unavailable)
rMut   .         Warding  .     (boots unavailable)
Saprov . . .     NoTele   +     (no amulet)
MR     .....                    t - +6 ring of strength
                                r - +6 ring of intelligence

@: mighty, agile, very quick, not resistant to hostile enchantments,
extraordinarily stealthy
A: unfitting armour, see invisible, herbivore 3, speed 3, slow metabolism 2
a: Renounce Religion


You were in the Dungeon.
You worshipped Makhleb.
Makhleb was aware of your devotion.
You were completely stuffed.

You visited 1 branch

Inventory:

Hand weapons
 A - a +5,+5 quick blade (weapon)
Armour
 b - a +1 robe (worn)
Magical devices
 l - a wand of disintegration (7)
 m - a wand of fire (5)
 n - a wand of cold (5)
Comestibles
 o - 4 bread rations
Scrolls
 k - 4 scrolls of blinking
 p - 4 scrolls of amnesia
 q - 3 scrolls of recharging
 u - 7 scrolls of fog
 v - a scroll of holy word
 w - 5 scrolls of identify
 x - 5 scrolls of remove curse
 y - 2 scrolls of fear
Jewellery
 r - a +6 ring of intelligence (left hand)
 s - a +6 ring of intelligence
 t - a +6 ring of strength (right hand)
Potions
 d - 2 potions of brilliance
 e - a potion of porridge
 f - 5 potions of curing
 g - 10 potions of heal wounds
 h - 6 potions of haste
 i - 7 potions of magic
 j - 3 potions of berserk rage
 z - 2 potions of invisibility
 B - 4 potions of resistance
 D - 4 potions of agility
 E - 4 potions of might
Books
 c - a book of Maledictions

   Spells                             Type                      Level
   *Corona                            Hexes                        1
   Sure Blade                         Hexes/Charms                 2
   *Ensorcelled Hibernation           Hexes/Ice                    2
   Confuse                            Hexes                        3
   Enslavement                        Hexes                        4
   Invisibility                       Hexes                        6
Miscellaneous
 a - a disc of storms


   Skills:
 - Level 1.1 Short Blades
 - Level 1.1 Throwing
 - Level 3.0 Dodging
 - Level 11.6 Stealth
 * Level 3.3 Spellcasting
 + Level 4.2 Hexes


You had 4 spell levels left.
You knew the following spells:

 Your Spells              Type           Power        Failure   Level  Hunger
a - Corona                Hex            ###....      1%          1    None
b - Ensorcelled Hibernat  Hex/Ice        ##....       10%         2    ##.....


Dungeon Overview and Level Annotations

Branches:
Dungeon (1/1)

Altars:
Ashenzari
Cheibriados
Dithmenos
Elyvilon
Fedhas
Kikubaaqudgha
Makhleb
Nemelex Xobeh
Okawaru
Sif Muna
Trog
Vehumet
Xom
Yredelemnul
Zin
The Shining One
Beogh
Jiyva
Lugonu


Innate Abilities, Weirdness & Mutations

You are tiny and cannot use many weapons and most armour.
You have supernaturally acute eyesight.
You are a herbivore.
You cover ground extremely quickly.
You need consume almost no food.


Message History

Confirm with . or Enter, or press ? or * to list all spells.
Aiming: Ensorcelled Hibernation
Press: ? - help, Shift-Dir - straight line, f/p - green rat
Aim: a green rat The green rat looks drowsy...
The jackal completely misses you.
The helpless green rat fails to defend itself.
You stick the green rat like a pincushion!!!
You kill the green rat!
Makhleb accepts your kill.
You can now gain health from killing.
Your Spellcasting skill increases to level 3!
Your Hexes skill increases to level 4!
The jackal completely misses you.
Casting: Ensorcelled Hibernation
Confirm with . or Enter, or press ? or * to list all spells.
Aiming: Ensorcelled Hibernation
Press: ? - help, Shift-Dir - straight line, f - iguana
Aim: an iguana The iguana resists.
The jackal closely misses you. The iguana bites you!
Ouch! That really hurt!
You die...

▓▓▓▓▓▓▓▓▓▓▓▓▓
▓.8©8.▓.8©8.▓
▓.)):.▓.....▓
▓.....▓.|.:.▓
▓.....▓.....▓
▓...%.▓.....▓
▓..lh.▓.....▓
▓...@.▓▓▓▓▓▓▓
▓▓▓▓▓▓▓


You could see an iguana and a jackal.

Vanquished Creatures
  A green rat (D)
  A goblin zombie (D)
  A rat zombie (D)
3 creatures vanquished.

Vanquished Creatures (others)
  Terence (D)
1 creature vanquished.

Grand Total: 4 creatures vanquished

Notes
Turn   | Place    | Note
--------------------------------------------------------------
     0 | D        | BluebellGnoll, the Spriggan Enchanter, began the quest for the Orb.
     0 | D        | Reached XP level 1. HP: 9/9 MP: 4/4
     0 | D        | Found a white marble altar of Elyvilon.
     1 | D        | Found a sparkling altar of Nemelex Xobeh.
     1 | D        | Found a burning altar of Makhleb.
     2 | D        | Found a deep blue altar of Sif Muna.
     2 | D        | Found a bloodstained altar of Trog.
     5 | D        | Found an iron altar of Okawaru.
     6 | D        | Killed Terence
    20 | D        | Found a radiant altar of Vehumet.
    22 | D        | Became a worshipper of Makhleb the Destroyer
    24 | D        | Found a basalt altar of Yredelemnul.
    25 | D        | Found an ancient bone altar of Kikubaaqudgha.
    25 | D        | Found a shimmering altar of Xom.
    69 | D        | Reached skill level 11 in Stealth
    69 | D        | Reached XP level 2. HP: 13/13 MP: 7/7
    87 | D        | Learned a level 2 spell: Ensorcelled Hibernation
    87 | D        | Entered arena 1.
    94 | D        | Identified the Volume of Shape Shifting (You found it in the Dungeon)
    95 | D        | Entered arena 2.
    95 | D        | Noticed an iguana
   103 | D        | Acquired Makhleb's first power
   105 | D        | Slain by an iguana

Action                   || total
-------------------------++-------
Melee: Quick blade       ||     3
 Cast: Ensorcelled Hiber ||     3
  Use: Potion            ||     3
 Stab: Sleeping          ||     2
